 Dungeon Crawl Stone Soup version 0.27-a0-1217-g8a41f320e8 (webtiles) character file.

Game seed: 11624061566964078888

1171 bande the Chopper (level 8, -7/49 HPs)
             Began as a Gargoyle Fighter on June 5, 2021.
             Mangled by an ogre
             ... wielding a +0 giant club
              (8 damage)
             ... on level 5 of the Dungeon.
             The game lasted 00:08:18 (5717 turns).

bande the Chopper (Gargoyle Fighter)                Turns: 5717, Time: 00:08:19

Health: -7/49      AC: 18    Str: 21    XL:     8   Next: 41%
Magic:  8/8        EV:  6    Int:  9    God:
Gold:   148        SH: 10    Dex: 10    Spells: 7/7 levels left

rFire    . . .     SeeInvis +   a - +1 war axe
rCold    . . .     Faith    .   c - +0 kite shield
rNeg     + . .     Spirit   .   h - +0 chain mail
rPois    ∞         Reflect  .   (no helmet)
rElec    +         Harm     .   (no cloak)
rCorr    .         Rampage  .   (no gloves)
Will     .....                  f - +2 pair of boots
Stlth    ..........             (no amulet)
HPRegen  0.16/turn              e - ring of see invisible
MPRegen  0.11/turn              (no ring)

@: studying Crossbows
A: sickness immunity, AC +5, negative energy resistance 1, electricity
resistance, torment resistance 1, petrification resistance
a: no special abilities


You were on level 5 of the Dungeon.
You visited 1 branch of the dungeon, and saw 5 of its levels.

You collected 148 gold pieces.

Inventory:

Hand Weapons
 a - a +1 war axe (weapon)
 r - a +2 flail of draining
Armour
 c - a +0 kite shield (worn)
 f - a +2 pair of boots (worn)
 h - a +0 chain mail (worn)
Jewellery
 e - a ring of see invisible (left hand)
Wands
 q - a wand of iceblast (11)
Scrolls
 g - a scroll of enchant weapon
 n - a scroll of amnesia
Potions
 b - a potion of haste {unknown}
 d - 2 potions of might
 i - a potion of invisibility
 j - a potion of flight
 k - a potion of attraction {unknown}
 l - 3 potions of curing {unknown}
 m - 2 potions of heal wounds {unknown}
 o - a potion of brilliance
 p - a potion of mutation {unknown}


   Skills:
 + Level 5.1 Fighting
 + Level 6.4 Axes
 + Level 5.5 Armour
 + Level 1.0 Dodging
 + Level 5.6 Shields


You had 7 spell levels left.
You didn't know any spells.
Your spell library contained the following spells:

 Spells                   Type           Power      Damage    Failure   Level
 Summon Small Mammal      Summ           0%         N/A       100%        1
 Call Imp                 Summ           0%         N/A       100%        2
 Call Canine Familiar     Summ           0%         N/A       100%        3
 Summon Guardian Golem    Hex/Summ       0%         N/A       100%        3
 Summon Ice Beast         Ice/Summ       0%         N/A       100%        4
 Summon Lightning Spire   Summ/Air       0%         N/A       100%        4


Dungeon Overview and Level Annotations

Branches:
Dungeon (5/15)
 Temple: D:4-7

Altars:
Dithmenos
Uskayaw

Shops:
D:3 ?(


Innate Abilities, Weirdness & Mutations

You are immune to sickness and miasma.
Your stone body is resilient. (AC +5)
You are immune to poison.
You resist negative energy. (rN+)
You are resistant to electric shocks. (rElec)
You are resistant to unholy torment.
You are immune to petrification.


Message History

Your Dodging skill increases to level 1!
No target in view!
No target in view!
No target in view!
No target in view!
No target in view!
No target in view!
Found a smoky golden potion.
An ogre comes into view. It is wielding a +0 giant club.
The ogre shouts!
Things that are here:
2 boomerangs; a +0 leather armour
Things that are here:
a +0 dire flail; a +0 robe
There is a stone staircase leading up here.
You climb upwards.
There is a stone staircase leading down here.
You start resting.
HP restored.
You climb downwards.
The ogre barely misses you.
There is a stone staircase leading up here.
You hit the ogre but do no damage. You block the ogre's attack.
You closely miss the ogre. The ogre hits you with a +0 giant club!
You hit the ogre.
The ogre is lightly wounded.
The ogre hits you with a +0 giant club.
You slash the ogre!
The ogre is heavily wounded.
The ogre barely misses you.
You barely miss the ogre.
The ogre is heavily wounded.
The ogre hits you with a +0 giant club!
You slash the ogre!
The ogre is severely wounded.
The ogre hits you with a +0 giant club!!
* * * LOW HITPOINT WARNING * * *
You hit the ogre but do no damage.
The ogre is severely wounded.
The ogre hits you with a +0 giant club!
You die...

######................##..
..................##........
#.###..#..#.......#####.####
#.#...............##.......#
##.#.#..####.#.######..###..#
#.........O..#O# #..# #..#
#.......######.# #.(###..#
#.#......# ###.### #..).)..#
#.#...#..# #@O...# ##.....##
#.#.#.#..# #.....# #.#.#.#
#....#..O# #.....# #O#.#.#
###.#.##.# #.....# #.#.#.#
##.#.##.# #.....# #O#.#.#
#.......# ####### #.#.#.#
#.##.#.## #.....#
#.##.#.############ ###.###
#.##......O..##...#####.#


You could see an ogre.

Vanquished Creatures
  Eustachio (D:4)
  A water moccasin (D:5)
  Edmund (D:4)
  A sky beast (D:4)
  An orc warrior (D:5)
  An ogre (D:4)
  A phantom (D:5)
  Blork the orc (D:5)
  A bullfrog (D:4)
  A centaur zombie (D:5)
  2 hounds (D:4)
  A jelly (D:2)
  An iguana (D:4)
  2 orc wizards (D:3)
  4 adders
  A gnoll (D:3)
  3 dart slugs
  11 orcs
  8 bats
  5 endoplasms
  5 giant cockroaches
  5 goblins
  10 hobgoblins
  11 jackals
  4 kobolds
  2 quokkas (D:1)
  7 ball pythons
  6 frilled lizards
  8 rats
106 creatures vanquished.

Notes
Turn   | Place    | Note
-------+----------+-------------------------------------------
     0 | D:1      | bande the Gargoyle Fighter began the quest for the Orb.
     0 | D:1      | Reached XP level 1. HP: 14/14 MP: 1/1
   347 | D:1      | Reached XP level 2. HP: 18/20 MP: 2/2
   437 | D:1      | Reached skill level 2 in Axes
   970 | D:1      | Reached XP level 3. HP: 24/24 MP: 3/3
  1764 | D:2      | Reached XP level 4. HP: 20/29 MP: 4/4
  1776 | D:2      | Reached skill level 3 in Axes
  2183 | D:3      | Noticed a +0 dagger
  2183 | D:3      | Noticed a +0 falchion
  2184 | D:3      | Noticed a +0 short sword
  2184 | D:3      | Noticed a +0 spear
  2184 | D:3      | Noticed a +0 falchion
  2184 | D:3      | Noticed a +0 dagger
  2184 | D:3      | Noticed a +0 spear
  2185 | D:3      | Noticed a +0 short sword
  2251 | D:3      | Found Elywuhy's Weapon Shoppe.
  2332 | D:3      | Reached XP level 5. HP: 17/33 MP: 5/5
  2961 | D:3      | Found a hide-covered altar of Uskayaw.
  2989 | D:3      | Found Loisud's Magic Scroll Shop.
  3220 | D:4      | Reached XP level 6. HP: 30/38 MP: 6/6
  3310 | D:4      | Reached skill level 4 in Axes
  3447 | D:4      | Found a shadowy altar of Dithmenos.
  3511 | D:4      | Noticed a sky beast
  3534 | D:4      | Reached XP level 7. HP: 14/44 MP: 7/7
  3535 | D:4      | Reached skill level 5 in Axes
  3877 | D:4      | Noticed Eustachio
  3899 | D:4      | Killed Eustachio
  3900 | D:4      | Reached skill level 5 in Shields
  4592 | D:5      | Entered Level 5 of the Dungeon
  4743 | D:5      | Noticed Blork the orc
  4743 | D:5      | Noticed Edmund
  4772 | D:4      | Killed Edmund
  4773 | D:4      | Reached skill level 5 in Armour
  4773 | D:4      | Reached XP level 8. HP: 17/48 MP: 8/8
  4977 | D:5      | Killed Blork the orc
  4978 | D:5      | Reached skill level 6 in Axes
  5078 | D:5      | HP: 2/48 [orc warrior/+0 short sword (2)]
  5080 | D:5      | Reached skill level 5 in Fighting
  5572 | D:5      | Reached skill level 1 in Dodging
  5716 | D:5      | HP: 1/49 [ogre/+0 giant club (22)]
  5717 | D:5      | Mangled by an ogre

Illustrated notes

Levels and vault maps discovered:
D:1:      dpeg_arrival_radiant, layout_loops_ring
D:2:      layout_loops_ring, minmay_small_reverse_x
D:3:      minmay_evil_eye, layout_loops_cross, nicolae_uskayaw_en_pointe,
          gup_sewer_entry_bowl, serial_shops, shop, shop
D:4:      layout_cave_pods, nicolae_dithmenos_the_darkroom, serial_column_ruins,
          column_ruins_grid_1, column_ruins_columns_straight,
          column_ruins_columns_dead_end, column_ruins_open_tiny,
          chequers_serial_rivers_large_a, minmay_statues_item,
          minmay_manual_macuahuitl, uniq_eustachio
D:5:      layout_loops_cross, lemuel_tele_altar, nicolae_overflow_hidden_temple,
          uniq_edmund, uniq_blork_the_orc

Skill      XL: |  1  2  3  4  5  6  7  8 |
---------------+-------------------------+-----
Axes           | 2 3 4 5 6 |  6.4
Shields        | 4 5 |  5.6
Fighting       | 4 5 |  5.1
Armour         | 4 5 |  5.5
Dodging        | 1 |  1.0

Action                   |  1- 3 |  4- 6 |  7- 9 || total
-------------------------+-------+-------+-------++-------
Melee: War axe           |   147 |   130 |   108 ||   385
  Use: Scroll            |     2 |     5 |       ||     7
       Potion            |       |     1 |     2 ||     3
Armor: Scale mail        |    30 |       |       ||    30
       Chain mail        |    83 |   121 |    69 ||   273
Dodge: Dodged            |    37 |    47 |    25 ||   109
Block: Kite shield       |   107 |    82 |    67 ||   256

Table legend: (Time is in decaauts)
 A = Elapsed time spent in this place.
 B = Non-inter-level travel time spent in this place.
 C = Inter-level travel time spent in this place.
 D = Time resting spent in this place.
 E = Time spent auto-exploring this place.
 F = Levels seen in this place.
 G = Mean time per level.
                   A        B        C        D        E       F      G
               +--------+--------+--------+--------+--------+-----+--------+
         Total |   5943 |   5907 |     36 |   1584 |   2938 |   5 | 1188.6 |
       Dungeon |   5943 |   5907 |     36 |   1584 |   2938 |   5 | 1188.6 |
               +--------+--------+--------+--------+--------+-----+--------+

Top non-repeatable levels by time:
     D:4: 1721 daAuts
     D:1: 1395 daAuts
     D:3: 1066 daAuts
     D:5: 892 daAuts
     D:2: 867 daAuts
